AoeStats
← Frontline

MegaRandom

506008401Analyzed
1v1 RM · 20d ago on Sep 12, 2026· 16m 2s· 2 players
Game mode
Random Map
Map size
Tiny (2 player)
Population
200
Speed
Normal
Resources
Standard
Victory
Conquest
Starting age
Dark Age
Ending age
Imperial Age
RankedLock teamsTeams togetherTeam positionsShared explorationLock speedFull tech treeHidden civsTurbo modeCheats
Victory
Defeat
🇺🇸 Chinese · United States
1861
+15
🇻🇳 Mongols · Vietnam
1835
-15
HT229
7:43 Feudal Age
11:37 Castle Age
10:00 Fletching
12:48 Loom
Frontline
2:02 Loom
7:18 Feudal Age
7:49 Double-Bit Axe
7:52 Town Watch
14:37 Fletching
Connection lost

Rejoining the realm…

Still unreachable

The connection could not be restored.

Session expired

The server has moved on; the page needs a fresh start.